 Dungeon Crawl Stone Soup version 0.29.1-4-g47bece8355 (webtiles) character file.

Game seed: 7884572041735138889

1376 venomsnake the Chopper (level 8, -2/71 HPs)
             Began as a Minotaur Berserker on Dec 10, 2022.
             Was a Priest of Trog.
             Killed by divine providence
             ... invoked by an orc priest
              (10 damage)
             ... on level 6 of the Dungeon.
             The game lasted 00:17:30 (5420 turns).

venomsnake the Chopper (Minotaur Berserker)         Turns: 5420, Time: 00:17:31

Health: -2/71      AC: 14    Str: 24    XL:     8   Next: 39%
Magic:  7/7        EV: 10    Int: 10    God:    Trog [***...]
Gold:   237        SH:  0    Dex: 10    Spells: 7/7 levels left

rFire   . . .      SeeInvis .   a - +1 hand axe
rCold   . . .      Faith    .   (no shield)
rNeg    . . .      Spirit   .   g - +0 chain mail
rPois   .          Reflect  .   (helmet restricted)
rElec   .          Harm     .   (no cloak)
rCorr   .          Rampage  .   (no gloves)
Will    .....                   (no boots)
Stlth   ..........              (no amulet)
HPRegen 0.21/turn               j - +6 ring of intelligence
MPRegen 0.10/turn               x - +4 ring of protection

@: lethally poisoned (-2 -> -5), about to teleport
A: horns 2, retaliatory headbutt
a: Renounce Religion, Berserk, Trog's Hand


You were on level 6 of the Dungeon.
You worshipped Trog.
Trog was most pleased with you.
You visited 2 branches of the dungeon, and saw 7 of its levels.

You collected 237 gold pieces.

Inventory:

Hand Weapons
 a - a +1 hand axe (weapon)
Missiles
 b - a throwing net (quivered)
Armour
 g - a +0 chain mail (worn)
Jewellery
 j - a +6 ring of intelligence (left hand)
 u - a ring of positive energy
 x - a +4 ring of protection (right hand)
Wands
 k - a wand of roots (9)
Scrolls
 c - a scroll of noise {unknown}
 d - a scroll of enchant weapon
 e - 2 scrolls of teleportation
 f - 3 scrolls of amnesia
 i - a scroll of vulnerability {unknown}
 l - a scroll of poison {unknown}
 n - a scroll of fear {unknown}
 o - a scroll of blinking {unknown}
 t - a scroll of butterflies {unknown}
 v - 2 scrolls of torment {unknown}
Potions
 h - a potion of haste {unknown}
 m - 4 potions of heal wounds
 p - 2 potions of cancellation
 q - a potion of berserk rage {unknown}
 r - a potion of invisibility {unknown}
 s - 2 potions of curing {unknown}
 w - a potion of lignification {unknown}


   Skills:
 + Level 6.6 Fighting
 + Level 6.6 Axes
 + Level 6.0 Armour
 + Level 5.4 Dodging
 + Level 3.9 Evocations


You had 7 spell levels left.
You didn't know any spells.
Your spell library was empty.

Dungeon Overview and Level Annotations

Branches:
Dungeon (6/15)             Temple (1/1) D:4

Altars:
Ashenzari
Cheibriados
Elyvilon
Fedhas
Kikubaaqudgha
Makhleb
Nemelex Xobeh
Okawaru
Qazlal
Ru
Sif Muna
Trog
Uskayaw
Vehumet
Wu Jian
Xom
Yredelemnul
Zin

Shops:
D:3 *[!(   D:5 [

Annotations:
D:3 1 runed translucent door, coldfrog's ghost, amateur DrVM


Innate Abilities, Weirdness & Mutations

You have a pair of horns on your head.
You reflexively headbutt those who attack you in melee.


Message History

The orc priest hits you but does no damage.
You are more poisoned.
The orc priest calls upon Beogh to heal the orc priest.
The orc priest is healed somewhat.
You hit the orc priest but do no damage.
The orc priest is moderately wounded.
You feel very sick. The orc priest closely misses you.
The orc priest calls down the wrath of Beogh upon you.
Beogh smites you!
You are too injured to fight recklessly!
You hit the orc priest but do no damage.
The orc priest is moderately wounded.
You feel very sick.
The orc priest hits you but does no damage.
You slash the orc priest!
The orc priest is almost dead.
You feel very sick.
The orc priest hits you but does no damage.
You hit the orc priest.
You kill the orc priest!
Trog accepts your kill.
You feel very sick.
You hit the orc priest. Your headbutt misses the orc priest.
The orc priest is heavily wounded.
You feel sick.
You hit the orc priest. Your headbutt misses the orc priest.
The orc priest is severely wounded.
You feel sick. The orc priest misses you.
You closely miss the orc priest.
The orc priest is severely wounded.
You feel sick.
The orc priest invokes the aid of Beogh against you.
Beogh smites you!
* * * LOW HITPOINT WARNING * * *
As you read the scroll of teleportation, it crumbles to dust.
You feel strangely unstable.
You feel sick.
The orc priest mumbles some strange prayers to Beogh against you.
Beogh smites you!
You die...

### #<#
##########
#.#
#........#
#.#
#.######.#
#.# #.# #.#
#.### #@#
#.# #....
#o#
#.#########
#o#
#..........
#o#
###########
#.# #o. ...
...


You could see an orc priest and 3 orcs.

Vanquished Creatures
  Sigmund (D:2)
  3 yaks (D:4)
  2 black bears (D:5)
  An ogre (D:5)
  A phantom (D:5)
  A scorpion (D:4)
  A hound (D:5)
  3 orc priests
  An iguana (D:5)
  2 orc wizards (D:5)
  10 adders
  3 worms (D:2)
  3 dart slugs
  14 orcs
  5 endoplasms
  2 giant cockroaches
  9 goblins
  7 hobgoblins
  3 jackals (D:3)
  2 quokkas
  7 ball pythons
  6 bats
  3 frilled lizards (D:3)
  8 kobolds
  9 rats
107 creatures vanquished.

Notes
Turn   | Place    | Note
-------+----------+-------------------------------------------
     0 | D:1      | venomsnake the Minotaur Berserker began the quest for the
                  | Orb.
     0 | D:1      | Reached XP level 1. HP: 19/19 MP: 0/0
   748 | D:1      | Reached XP level 2. HP: 27/27 MP: 1/1
   890 | D:1      | Found a faded altar of an unknown god.
  1308 | D:2      | Reached XP level 3. HP: 33/33 MP: 2/2
  1337 | D:2      | Reached skill level 1 in Evocations
  1338 | D:2      | Noticed Sigmund
  1354 | D:2      | Killed Sigmund
  1355 | D:2      | Reached XP level 4. HP: 18/41 MP: 3/3
  1355 | D:2      | Reached XP level 5. HP: 21/47 MP: 4/4
  1730 | D:2      | Reached ** piety under Trog
  2134 | D:3      | Found Puaresod's Weapon Shoppe.
  2411 | D:3      | Found Vowat's Distillery.
  2458 | D:3      | Found Hemyifes's Antique Armour Emporium.
  2494 | D:3      | Found Cumuomam's Assorted Antiques.
  2543 | D:3      | Found a runed translucent door.
  2544 | D:3      | Noticed coldfrog's ghost (amateur DrVM)
  2887 | D:4      | Reached XP level 6. HP: 54/55 MP: 5/5
  3064 | D:4      | Found a staircase to the Ecumenical Temple.
  3092 | Temple   | Entered the Ecumenical Temple
  3323 | D:4      | Reached skill level 5 in Fighting
  3323 | D:4      | Reached skill level 5 in Axes
  3477 | D:5      | Entered Level 5 of the Dungeon
  3490 | D:5      | Noticed a yak
  3490 | D:5      | Noticed a yak
  3490 | D:5      | Noticed a yak
  3523 | D:4      | Killed a yak
  3805 | D:4      | Killed a yak
  3806 | D:4      | Reached XP level 7. HP: 46/61 MP: 6/6
  3894 | D:4      | Killed a yak
  3895 | D:4      | Reached skill level 5 in Armour
  4288 | D:5      | Found a sacrificial altar of Ru.
  4288 | D:5      | Found a snail-covered altar of Cheibriados.
  4442 | D:5      | Reached *** piety under Trog
  4447 | D:5      | Reached XP level 8. HP: 37/70 MP: 7/7
  4448 | D:5      | Reached skill level 5 in Dodging
  4857 | D:5      | Found Vucwin's Antique Armour Shop.
  5420 | D:6      | Killed from afar by an orc priest

Illustrated notes

Levels and vault maps discovered:
D:1:      dpeg_arrival_renting, layout_loops_ring,
          chequers_ecumenical_altar_lobes
D:2:      layout_basic, uniq_sigmund
D:3:      layout_loops_ring, serial_shops, nicolae_square_shop, shop,
          nicolae_shop_hallway_plus, nicolae_shop_stone,
          ebering_ghost_reflecting_pool
D:4:      layout_rooms, minmay_temple_entry_grid
D:5:      layout_basic, jmf_multi_god_temple, serial_shops, shop
D:6:      layout_basic, worldfamousw_hep_ancestral_shrine, minmay_statues_item
Temple:   regret_index_temple_sphere_string

Skill      XL: |  1  2  3  4  5  6  7  8 |
---------------+-------------------------+-----
Fighting       | 4 5 6 |  6.6
Axes           | 4 5 6 |  6.6
Armour         | 3 4 5 6 |  6.0
Evocations     | 1 2 3 |  3.9
Dodging        | 3 4 5 |  5.4

Action                   |  1- 3 |  4- 6 |  7- 9 || total
-------------------------+-------+-------+-------++-------
Melee: Hand axe          |    52 |   147 |    96 ||   295
       Headbutt          |     4 |    25 |    17 ||    46
       Punch             |       |     2 |       ||     2
Throw: Stone             |       |    10 |       ||    10
       Throwing net      |       |     2 |       ||     2
Invok: Berserk           |       |       |     1 ||     1
  Use: Scroll            |       |     4 |     2 ||     6
Armor: Leather armour    |     2 |       |       ||     2
       Chain mail        |    23 |    73 |    48 ||   144
Dodge: Dodged            |    18 |    78 |    37 ||   133
